 Dungeon Crawl Stone Soup version 0.21.1-1-g345015f (webtiles) character file.

271452 shakethe the Gnoll Aeon (level 20, -8/156 HPs)
             Began as a Gnoll Necromancer on Feb 14, 2018.
             Was the Champion of Cheibriados.
             Killed from afar by a deep elf sorcerer (43 damage)
             ... with damnation
             ... on level 3 of the Elven Halls.
             The game lasted 03:43:28 (35902 turns).

shakethe the Gnoll Aeon (Gnoll Necromancer)        Turns: 35902, Time: 03:43:28

Health: -8/156     AC: 20    Str: 30    XL:     20   Next: 23%
Magic:  33/37      EV: 24    Int: 41    God:    Cheibriados [******]
Gold:   704        SH: 16    Dex: 32    Spells: 6/46 levels left

rFire    + + .     SeeInvis +   Y - +5 eveningstar (holy)
rCold    + . .     Gourm    .   x - +1 shield {rC+}
rNeg     . . .     Faith    .   y - +1 fire dragon scales
rPois    .         Spirit   .   E - +1 hat of Brilliance {SInv}
rElec    .         Reflect  .   I - +0 cloak
rCorr    .         Harm     .   P - +0 pair of gloves
MR       ++...                  O - +2 pair of boots
Stlth    +++++.....             F - amulet of magic regeneration
HPRegen  0.36/turn              U - ring of protection from cold {rC+, !d}
MPRegen  0.50/turn              W - ring of protection from magic {MR+, !d}

@: mighty, very slightly contaminated, drained, very slow
A: distributed training, fangs 1, strong nose
}: 2/15 runes: decaying, gossamer
a: Bend Time, Temporal Distortion, Slouch, Step From Time, Renounce Religion


You were on level 3 of the Elven Halls.
You worshipped Cheibriados.
Cheibriados was exalted by your worship.
You were hungry.

You visited 7 branches of the dungeon, and saw 35 of its levels.

You collected 3403 gold pieces.
You spent 2699 gold pieces at shops.

Inventory:

Hand Weapons
 a - a +6 flail of crushing
   (You took it off a wight on level 10 of the Dungeon)
 X - a +0 double sword of freezing
   (You subdued it on level 2 of the Elven Halls)
 Y - a +5 eveningstar of holy wrath (weapon)
   (You subdued it on level 2 of the Elven Halls)
Missiles
 K - 2 throwing nets {=f, !d}
Armour
 x - a +1 shield of cold resistance (worn)
   (You took it off an orc warlord on level 2 of the Orcish Mines)
 y - +1 fire dragon scales (worn)
   (You found it on level 6 of the Lair of Beasts)
 E - the +1 hat of Brilliance (worn) {SInv}
   (You found it on level 1 of the Elven Halls)

   It lets you see invisible.
 I - a +0 cloak (worn)
   (You found it on level 1 of the Swamp)
 O - a +2 pair of boots (worn)
   (You found it on level 3 of the Lair of Beasts)
 P - a +0 pair of gloves (worn)
   (You found it on level 11 of the Dungeon)
 S - the +6 scale mail "Casukkolo" {rPois rF+ Int+3}
   (You found it on level 6 of the Lair of Beasts)

   It affects your intelligence (+3).
   It protects you from fire.
   It protects you from poison.
Magical Staves
 b - an uncursed staff of death {rN+}
   (You found it on level 2 of the Spider Nest)
Jewellery
 i - an uncursed ring of see invisible {sInv, !d}
   (You bought it in a shop on level 2 of the Orcish Mines)
 p - a cursed ring of wizardry {Wiz+, !d}
   (You took it off a deep elf mage on level 1 of the Elven Halls)
 F - an amulet of magic regeneration (around neck)
   (You found it on level 9 of the Dungeon)
 R - an uncursed ring of protection from fire {rF+, !d}
   (You found it on level 4 of the Lair of Beasts)
 U - a ring of protection from cold (left hand) {rC+, !d}
   (You found it on level 4 of the Spider Nest)
 W - a ring of protection from magic (right hand) {MR+, !d}
   (You found it on level 6 of the Lair of Beasts)
Wands
 f - a wand of paralysis (24)
   (You found it on level 5 of the Dungeon)
 l - a wand of enslavement (21)
   (You found it on level 1 of the Lair of Beasts)
 z - a wand of disintegration (24)
   (You found it on level 3 of the Lair of Beasts)
 D - a wand of digging (12)
   (You found it on level 14 of the Dungeon)
 J - a wand of polymorph (40)
   (You found it on level 8 of the Dungeon)
Scrolls
 d - 16 scrolls of identify
 e - a scroll of holy word {!r}
 j - 5 scrolls of immolation {!r}
 m - 8 scrolls of teleportation
 t - 3 scrolls of enchant weapon
 w - 8 scrolls of remove curse
 C - 6 scrolls of fog
 L - 7 scrolls of magic mapping {!r}
 M - 6 scrolls of amnesia
 Q - 2 scrolls of torment {!r}
Potions
 g - 7 potions of agility
 h - 8 potions of curing
 o - 5 potions of mutation {!q}
 q - a potion of lignification {unknown}
 r - 3 potions of invisibility
 s - 10 potions of flight
 u - 4 potions of cancellation
 A - 5 potions of heal wounds
 B - 2 potions of resistance
 H - 7 potions of might
 N - 10 potions of brilliance
 V - 4 potions of ambrosia
 Z - 3 potions of magic
Books
 k - a book of Power
   (You found it on level 3 of the Elven Halls)
 n - a book of Beasts
   (You found it on level 1 of the Elven Halls)
 v - the Papyrus of Conjuration
   (You found it on level 1 of the Elven Halls)

   Spells                             Type                      Level
   a - Shock                          Conjuration/Air              1
   b - Mephitic Cloud                 Conjuration/Poison/Air       3
   c - Irradiate                      Conjuration/Transmutation    5
   d - Orb of Destruction             Conjuration                  7
Comestibles
 c - 41 rations


   Skills:
 + Level 13.1(11.7) Fighting
 + Level 13.1(11.7) Short Blades
 + Level 13.1(11.7) Long Blades
 + Level 13.1(11.7) Axes
 + Level 13.1(11.7) Maces & Flails
 + Level 13.1(11.7) Polearms
 + Level 13.1(11.7) Staves
 + Level 13.1(11.7) Slings
 + Level 13.1(11.7) Bows
 + Level 13.1(11.7) Crossbows
 + Level 13.1(11.7) Throwing
 + Level 13.1(11.7) Armour
 + Level 13.7(12.4) Dodging
 + Level 13.6(12.3) Stealth
 + Level 13.1(11.7) Shields
 + Level 13.1(11.7) Unarmed Combat
 + Level 13.8(12.5) Spellcasting
 + Level 11.2(10.0) Conjurations
 + Level 11.2(10.0) Hexes
 + Level 11.2(10.0) Charms
 + Level 11.2(10.0) Summonings
 + Level 13.0(11.6) Necromancy
 + Level 11.2(10.0) Translocations
 + Level 11.2(10.0) Transmutations
 + Level 11.2(10.0) Fire Magic
 + Level 11.2(10.0) Ice Magic
 + Level 11.2(10.0) Air Magic
 + Level 11.2(10.0) Earth Magic
 + Level 11.2(10.0) Poison Magic
 + Level 14.1(12.7) Invocations
 + Level 13.1(11.7) Evocations


You had 6 spell levels left.
You knew the following spells:

 Your Spells              Type           Power        Failure   Level  Hunger
a - Pain                  Necr           ####         1%          1    None
b - Borgnjor's Vile Clut  Necr/Erth      #######...   1%          5    None
c - Sticky Flame          Conj/Fire      #######.     1%          4    None
d - Deflect Missiles      Chrm/Air       #######...   10%         6    ##.....
e - Freezing Cloud        Conj/Ice/Air   #######...   10%         6    ##.....
f - Fireball              Conj/Fire      #######...   1%          5    None
g - Shadow Creatures      Summ           N/A          10%         6    ##.....
r - Regeneration          Chrm/Necr      #######...   1%          3    None
s - Animate Skeleton      Necr           N/A          1%          1    None
x - Vampiric Draining     Necr           #######...   1%          3    None


Dungeon Overview and Level Annotations

Branches:
Dungeon (15/15)            Temple (1/1) D:6            Lair (6/6) D:8
  Swamp (4/4) Lair:4       Spider (4/4) Lair:4        Slime (0/5) Lair:5
    Orc (2/2) D:9             Elf (3/3) Orc:2        Vaults (0/5) D:14
 Depths (0/5) D:15

Altars:
Ashenzari
Cheibriados
Dithmenos
Elyvilon
Fedhas
Hepliaklqana
Kikubaaqudgha
Makhleb
Nemelex Xobeh
Okawaru
Qazlal
Sif Muna
Vehumet
Wu Jian
Xom
Beogh
Jiyva

Shops:
D:9 (   D:10 (   D:11 %   Orc:1 !   Orc:2 [=*(


Innate Abilities, Weirdness & Mutations

Your experience applies equally to all skills.
You have very sharp teeth.
Your uncanny sense of smell can sniff out nearby items.


Message History

The zombie hands constrict the deep elf annihilator!
The zombie hands constrict the deep elf death mage!
The deep elf annihilator gestures wildly while chanting.
The deep elf annihilator struggles to blink free from constriction.
The deep elf death mage escapes!
You now have 17/37 mp.
Aim: a deep elf annihilator, wielding a long sword and wearing a shiny diamond ring (moderately wounded, constricted by zombie hands) Decaying hands burst forth from the earth!
The deep elf annihilator is unaffected.
Zombie hands grab the deep elf death mage.
The zombie hands constrict the deep elf annihilator!!
The zombie hands constrict the deep elf death mage!
The deep elf annihilator struggles to escape constriction.
The deep elf death mage struggles to escape constriction.
You now have 12/37 mp.
Unknown command.
Aim: a deep elf annihilator, wielding a long sword and wearing a shiny diamond ring (heavily wounded, constricted by zombie hands)
The fireball explodes!
The fireball engulfs the deep elf annihilator.
The fireball engulfs the deep elf death mage.
The fireball engulfs the lost soul.
The lost soul resists.
The zombie hands constrict the deep elf annihilator!
The lost soul assumes the form of the deep elf annihilator and becomes anchored to this world!
The zombie hands constrict the deep elf death mage!
You hear a shout! x3
The ghostly deep elf annihilator escapes!
You now have 8/37 mp.
Aim: a ghostly deep elf annihilator, wielding a long sword and wearing a shiny diamond ring Decaying hands burst forth from the earth!
Zombie hands grab the ghostly deep elf annihilator.
The deep elf death mage is unaffected.
The zombie hands constrict the ghostly deep elf annihilator!
The zombie hands constrict the deep elf death mage!
You kill the deep elf death mage!
Cheibriados thoroughly appreciates the change of pace.
The ghostly deep elf annihilator drinks a potion.
The ghostly deep elf annihilator seems to speed up.
You now have 3/37 mp.
You don't have enough magic to cast that spell.
The zombie hands constrict the ghostly deep elf annihilator!!!
The ghostly deep elf annihilator hits you but does no damage.
The ghostly deep elf annihilator barely misses you.
You block the ghostly deep elf annihilator's attack.
You bludgeon the ghostly deep elf annihilator!!
You destroy the ghostly deep elf annihilator!
Cheibriados thoroughly appreciates the change of pace.
A deep elf annihilator, a deep elf sorcerer and a deep elf blademaster come into view.
Unknown command.
As you read the scroll of teleportation, it crumbles to dust.
You feel strangely unstable.
Decaying hands burst forth from the earth!
Zombie hands grab the deep elf sorcerer.
The deep elf annihilator shouts!
The zombie hands constrict the deep elf sorcerer!
You now have 2/37 mp.
You don't have enough magic to cast that spell.
The zombie hands constrict the deep elf sorcerer!
The deep elf sorcerer casts a spell.
The deep elf sorcerer seems to speed up.
You don't have enough magic to cast that spell.
Your surroundings suddenly seem different.
The zombie hands lose their grip on something.
A deep elf sorcerer comes into view. It is wielding a long sword.
The deep elf sorcerer shouts!
A deep elf elementalist comes into view.
It is wielding a morningstar of crushing.
The deep elf elementalist shouts!
A deep elf demonologist comes into view.
It is wielding a long sword.
The deep elf demonologist shouts!
A deep elf high priest comes into view. It is wielding a long sword.
The deep elf high priest shouts!
The deep elf sorcerer casts a spell.
The deep elf sorcerer seems to speed up.
The deep elf high priest mumbles some strange prayers to its god against you.
Something smites you!
You take 11 damage, and have 66/156 hp.
Okay, then.
You feel very mighty all of a sudden.
You block the deep elf sorcerer's attack.
The deep elf demonologist gestures wildly while chanting.
You block the deep elf sorcerer's attack.
You puncture the deep elf sorcerer! You bite the deep elf sorcerer!
The deep elf sorcerer closely misses you.
The Ice Fiend calls on the powers of darkness!
Your body is wracked with pain!
* * * LOW HITPOINT WARNING * * *
The deep elf sorcerer convulses!
The deep elf high priest convulses!
The deep elf elementalist convulses!
The deep elf demonologist convulses!
You take 31 damage, and have 35/156 hp.
You don't have enough magic at the moment.
Really read
G - a scroll of blinking {!r}?
Blink to where?
You are very lightly contaminated with residual magic.
As you read the scroll of blinking {!r}, it crumbles to dust.
You don't have enough magic to cast that spell.
Magic courses through your body.
The deep elf sorcerer casts a spell at you.
You resist with almost no effort.
The deep elf sorcerer gestures at you while chanting.
The sphere of damnation explodes!
The damnation engulfs you!
You die...

...............)e.......
................).......
........................
.###############.)######
.# ∆∆ ∆∆ ∆∆ #..# ∆∆ .#
∆∆∆∆∆∆∆∆∆∆∆∆#..#∆ ∆ ∆ .#
∆∆∆∆∆∆∆∆∆∆∆∆#..#∆∆∆∆∆ .#
∆∆∆ ∆∆ ∆∆ #..# ∆∆ .# ##
#@.# .# ## ##.# #....#
.# ##..##..##......# .#
.#...#...#........# .#
......:.............
#..e....e............
#.e......e..####.....
#..1.......# #....
#.........##


You could see a deep elf sorcerer and a deep elf elementalist.

Vanquished Creatures
  Bai Suzhen (Swamp:4)
  Saint Roka (Orc:2)
  the Lernaean hydra (Swamp:4)
  Frances (Swamp:2)
  5 thorn hunters
  Agnes (Spider:1)
  The ghost of Frank the Fencer, an adept OpFi of Wu Jian (Spider:4)
  Aizul (Swamp:1)
  An orc warlord (Orc:2)
  6 ghost moths
  2 deep elf sorcerers (Elf:1)
  Louise (Swamp:2)
  4 emperor scorpions (Spider:4)
  The ghost of Britaniac the Severer, a journeyman HOFi of Okawaru (Orc:2)
  A deep elf elementalist (Elf:1)
  3 entropy weavers
  2 very ugly things
  A deep elf annihilator (Elf:3)
  3 deep elf demonologists
  A dire elephant (D:15)
  2 spark wasps (Spider:3)
  A fire dragon (Lair:6)
  2 deep elf death magi (Elf:3)
  Erolcha (Orc:2)
  21 hydras
  A vault guard (D:14)
  A ghost crab (Swamp:2)
  2 catoblepae
  5 centaur warriors
  A death knight (D:15)
  8 death yaks
  6 two-headed ogres
  7 alligators
  An orc high priest (Orc:2)
  The ghost of letownia2 the Destroyer, a journeyman GrWz of Vehumet (Orc:1)
  A tengu warrior (D:14)
  24 dancing weapons
  Sonja (Lair:1)
  Nergalle (Lair:1)
  A fire crab (Lair:2)
  17 deep elf knights
  2 spriggan druids (Swamp:4)
  15 deep elf archers
  A shambling mangrove (Swamp:3)
  13 swamp dragons
  5 orc knights
  21 orb spiders
  59 deep elf magi
  9 ugly things
  3 moths of wrath (Spider:4)
  40 wolf spiders
  5 cyclopes
  A salamander (D:15)
  3 orc sorcerers (Orc:2)
  An elephant (D:8)
  Psyche (D:10)
  4 molten gargoyles (Elf:2)
  6 black mambas
  2 torpor snails
  13 spiny frogs
  2 rime drakes
  5 kobold demonologists
  10 komodo dragons
  13 demonic crawlers
  An efreet (D:15)
  2 freezing wraiths (D:15)
  7 trolls
  A tengu conjurer (D:14)
  40 jumping spiders
  A meliai (D:14)
  10 polar bears
  23 slime creatures
  15 hornets
  12 blink frogs
  Grinder (D:5)
  2 tyrant leeches
  17 bog bodies
  2 raiju (Lair:6)
  10 hippogriffs
  100 redbacks
  4 spriggans
  2 shadows
  3 air elementals
  4 wyverns
  A human (shapeshifter) (D:14)
  3 wraiths
  2 water elementals
  3 hungry ghosts
  46 tarantellas
  A basilisk (shapeshifter) (D:15)
  2 basilisks
  3 fire bats (Elf:2)
  22 yaks
  3 fire elementals
  Grum (Lair:1)
  6 steam dragons
  14 vampire mosquitoes
  10 wargs
  13 hell hounds (Lair:6)
  27 swamp worms
  Duvessa (D:5)
  An acid dragon (D:14)
  13 water moccasins
  12 porcupines
  39 orc warriors
  13 swamp drakes
  4 ice beasts
  A hornet zombie (D:8)
  13 black bears
  2 necrophages
  2 eyes of draining
  13 ogres
  25 wolves
  A phantom (D:12)
  12 centaurs
  16 crocodiles
  2 big kobolds
  22 bullfrogs
  Dowan (D:5)
  An earth elemental (Elf:3)
  4 jellies
  2 wyvern skeletons
  4 scorpions
  17 killer bees
  12 wights
  4 electric eels
  2 howler monkeys
  5 crimson imps
  3 centaur zombies
  A bullfrog zombie (D:11)
  4 hounds
  18 orc priests
  A gnoll shaman (Orc:1)
  A quasit (D:11)
  4 centaur skeletons
  A bullfrog skeleton (D:13)
  29 orc wizards
  A worker ant (shapeshifter) (D:14)
  4 iguanas
  7 worker ants
  A killer bee zombie (D:5)
  A hound skeleton (D:7)
  A worker ant zombie (D:10)
  A howler monkey skeleton (D:8)
  16 adders
  12 gnolls
  6 shadow imps
  An ooze (D:5)
  An adder zombie (D:7)
  A worm (D:4)
  3 dart slugs
  5 leopard geckos
  80 orcs
  5 giant cockroaches
  4 goblins (D:1)
  7 hobgoblins
  8 jackals
  3 quokkas
  7 bats
  3 frilled lizards
  A giant cockroach zombie (D:5)
  14 kobolds
  2 quokka skeletons
  4 rats
  A briar patch (Swamp:3)
  3 butterflies
  4 fungi
  11 plants
1315 creatures vanquished.

Vanquished Creatures (collateral kills)
  A sky beast (D:9)
  An ogre (D:5)
  A bullfrog zombie (D:5)
  A leopard gecko (D:9)
  2 orcs (D:5)
  A giant cockroach (D:3)
  A kobold (D:1)
  A bat (D:3)
  2 frilled lizards
  3 rats
  A butterfly (D:3)
15 creatures vanquished.

Vanquished Creatures (others)
  A spriggan (Swamp:1)
  A hornet (Swamp:1)
  A slime creature (Swamp:4)
  A swamp worm (Swamp:4)
  A swamp drake (Swamp:4)
  An orc (Orc:2)
  4 briar patches
  15 fungi
  13 plants
38 creatures vanquished.

Grand Total: 1368 creatures vanquished

Notes
Turn   | Place    | Note
-------+----------+-------------------------------------------
     0 | D:1      | shakethe the Gnoll Necromancer began the quest for the Orb.
     0 | D:1      | Reached XP level 1. HP: 13/13 MP: 6/6
   382 | D:1      | Reached XP level 2. HP: 16/19 MP: 5/7
   828 | D:1      | Learned a level 1 spell: Animate Skeleton
   992 | D:1      | Reached XP level 3. HP: 25/25 MP: 9/9
  1027 | D:1      | Reached skill level 5 in Spellcasting
  1443 | D:2      | Found an iron altar of Okawaru.
  1465 | D:2      | Found an ornate altar of the Wu Jian Council.
  1521 | D:2      | Found an ancient bone altar of Kikubaaqudgha.
  1522 | D:2      | Found a radiant altar of Vehumet.
  1523 | D:2      | Found a deep blue altar of Sif Muna.
  1529 | D:2      | Identified Kikubaaqudgha's Compendium of Sinister Rituals
  1820 | D:2      | Reached skill level 1 in Invocations
  1936 | D:2      | Reached skill level 1 in Fighting
  1936 | D:2      | Reached skill level 1 in Short Blades
  1936 | D:2      | Reached skill level 1 in Long Blades
  1936 | D:2      | Reached skill level 1 in Axes
  1936 | D:2      | Reached skill level 1 in Maces & Flails
  1936 | D:2      | Reached skill level 1 in Polearms
  1936 | D:2      | Reached skill level 1 in Staves
  1936 | D:2      | Reached skill level 1 in Slings
  1936 | D:2      | Reached skill level 1 in Bows
  1936 | D:2      | Reached skill level 1 in Crossbows
  1936 | D:2      | Reached skill level 1 in Throwing
  1936 | D:2      | Reached skill level 1 in Armour
  1936 | D:2      | Reached skill level 1 in Shields
  1936 | D:2      | Reached skill level 1 in Unarmed Combat
  1936 | D:2      | Reached skill level 1 in Evocations
  2136 | D:2      | Learned a level 3 spell: Regeneration
  2144 | D:3      | Learned a level 3 spell: Vampiric Draining
  2214 | D:3      | Found a shimmering altar of Xom.
  2249 | D:3      | Reached XP level 4. HP: 32/32 MP: 11/11
  2294 | D:3      | HP: 7/32 [something/magic dart (7)]
  2314 | D:3      | Reached skill level 1 in Conjurations
  2314 | D:3      | Reached skill level 1 in Hexes
  2314 | D:3      | Reached skill level 1 in Charms
  2314 | D:3      | Reached skill level 1 in Summonings
  2314 | D:3      | Reached skill level 1 in Translocations
  2314 | D:3      | Reached skill level 1 in Transmutations
  2314 | D:3      | Reached skill level 1 in Fire Magic
  2314 | D:3      | Reached skill level 1 in Ice Magic
  2314 | D:3      | Reached skill level 1 in Air Magic
  2314 | D:3      | Reached skill level 1 in Earth Magic
  2314 | D:3      | Reached skill level 1 in Poison Magic
  2314 | D:3      | Reached XP level 5. HP: 14/37 MP: 6/12
  2656 | D:3      | Found a snail-covered altar of Cheibriados.
  2667 | D:3      | Became a worshipper of Cheibriados the Contemplative
  2973 | D:3      | Learned a level 5 spell: Borgnjor's Vile Clutch
  3063 | D:3      | Found a stormy altar of Qazlal.
  3649 | D:4      | Reached * piety under Cheibriados
  3649 | D:4      | Reached skill level 2 in Invocations
  3649 | D:4      | Reached XP level 6. HP: 31/44 MP: 6/13
  3947 | D:4      | Reached skill level 2 in Fighting
  3947 | D:4      | Reached skill level 2 in Short Blades
  3947 | D:4      | Reached skill level 2 in Long Blades
  3947 | D:4      | Reached skill level 2 in Axes
  3947 | D:4      | Reached skill level 2 in Maces & Flails
  3947 | D:4      | Reached skill level 2 in Polearms
  3947 | D:4      | Reached skill level 2 in Staves
  3947 | D:4      | Reached skill level 2 in Slings
  3947 | D:4      | Reached skill level 2 in Bows
  3947 | D:4      | Reached skill level 2 in Crossbows
  3947 | D:4      | Reached skill level 2 in Throwing
  3947 | D:4      | Reached skill level 2 in Armour
  3947 | D:4      | Reached skill level 5 in Dodging
  3947 | D:4      | Reached skill level 2 in Shields
  3947 | D:4      | Reached skill level 2 in Unarmed Combat
  3947 | D:4      | Reached skill level 2 in Evocations
  3971 | D:4      | Reached XP level 7. HP: 39/50 MP: 8/15
  4234 | D:5      | Entered Level 5 of the Dungeon
  4239 | D:5      | Noticed Duvessa
  4245 | D:5      | Noticed Dowan
  4350 | D:5      | Reached skill level 2 in Conjurations
  4350 | D:5      | Reached skill level 2 in Hexes
  4350 | D:5      | Reached skill level 2 in Charms
  4350 | D:5      | Reached skill level 2 in Summonings
  4350 | D:5      | Reached skill level 2 in Translocations
  4350 | D:5      | Reached skill level 2 in Transmutations
  4350 | D:5      | Reached skill level 2 in Fire Magic
  4350 | D:5      | Reached skill level 2 in Ice Magic
  4350 | D:5      | Reached skill level 2 in Air Magic
  4350 | D:5      | Reached skill level 2 in Earth Magic
  4350 | D:5      | Reached skill level 2 in Poison Magic
  4428 | D:5      | HP: 11/51 [orc warrior/halberd (16)]
  4661 | D:5      | Found a white marble altar of Elyvilon.
  4687 | D:5      | Reached skill level 5 in Stealth
  4850 | D:5      | Reached ** piety under Cheibriados
  4850 | D:5      | Reached skill level 3 in Invocations
  4853 | D:5      | Reached XP level 8. HP: 52/57 MP: 10/16
  4868 | D:5      | Reached skill level 3 in Fighting
  4868 | D:5      | Reached skill level 3 in Short Blades
  4868 | D:5      | Reached skill level 3 in Long Blades
  4868 | D:5      | Reached skill level 3 in Axes
  4868 | D:5      | Reached skill level 3 in Maces & Flails
  4868 | D:5      | Reached skill level 3 in Polearms
  4868 | D:5      | Reached skill level 3 in Staves
  4868 | D:5      | Reached skill level 3 in Slings
  4868 | D:5      | Reached skill level 3 in Bows
  4868 | D:5      | Reached skill level 3 in Crossbows
  4868 | D:5      | Reached skill level 3 in Throwing
  4868 | D:5      | Reached skill level 3 in Armour
  4868 | D:5      | Reached skill level 3 in Shields
  4868 | D:5      | Reached skill level 3 in Unarmed Combat
  4868 | D:5      | Reached skill level 3 in Evocations
  4916 | D:5      | Found a radiant altar of Vehumet.
  5054 | D:5      | Killed Duvessa
  5054 | D:5      | Reached skill level 6 in Spellcasting
  5069 | D:5      | Killed Dowan
  5443 | D:5      | Noticed Grinder
  5448 | D:5      | Paralysed by Grinder for 4 turns
  5455 | D:5      | Killed Grinder
  5742 | D:6      | Reached *** piety under Cheibriados
  5742 | D:6      | Reached skill level 4 in Invocations
  5803 | D:6      | Reached skill level 3 in Conjurations
  5803 | D:6      | Reached skill level 3 in Hexes
  5803 | D:6      | Reached skill level 3 in Charms
  5803 | D:6      | Reached skill level 3 in Summonings
  5803 | D:6      | Reached skill level 3 in Translocations
  5803 | D:6      | Reached skill level 3 in Transmutations
  5803 | D:6      | Reached skill level 3 in Fire Magic
  5803 | D:6      | Reached skill level 3 in Ice Magic
  5803 | D:6      | Reached skill level 3 in Air Magic
  5803 | D:6      | Reached skill level 3 in Earth Magic
  5803 | D:6      | Reached skill level 3 in Poison Magic
  5825 | D:6      | Found a staircase to the Ecumenical Temple.
  5844 | D:6      | Reached skill level 6 in Dodging
  5844 | D:6      | Reached XP level 9. HP: 53/65 MP: 18/18
  5923 | D:6      | Got a bloodstained buckler
  5927 | D:6      | Identified the +2 buckler of Satisfaction {Dex+6} (You found it on level 6 of the Dungeon)
  6216 | D:6      | Reached skill level 4 in Fighting
  6216 | D:6      | Reached skill level 4 in Short Blades
  6216 | D:6      | Reached skill level 4 in Long Blades
  6216 | D:6      | Reached skill level 4 in Axes
  6216 | D:6      | Reached skill level 4 in Maces & Flails
  6216 | D:6      | Reached skill level 4 in Polearms
  6216 | D:6      | Reached skill level 4 in Staves
  6216 | D:6      | Reached skill level 4 in Slings
  6216 | D:6      | Reached skill level 4 in Bows
  6216 | D:6      | Reached skill level 4 in Crossbows
  6216 | D:6      | Reached skill level 4 in Throwing
  6216 | D:6      | Reached skill level 4 in Armour
  6216 | D:6      | Reached skill level 4 in Shields
  6216 | D:6      | Reached skill level 4 in Unarmed Combat
  6216 | D:6      | Reached skill level 4 in Evocations
  6229 | Temple   | Entered the Ecumenical Temple
  6230 | Temple   | HP: 2/65 [orc warrior/dire flail (17)]
  7001 | D:7      | Reached skill level 6 in Stealth
  7001 | D:7      | Reached skill level 8 in Necromancy
  7035 | D:7      | Learned a level 5 spell: Fireball
  7072 | D:7      | Found a shadowy altar of Dithmenos.
  7095 | D:7      | Reached **** piety under Cheibriados
  7342 | D:7      | Reached skill level 5 in Invocations
  7376 | D:7      | Reached XP level 10. HP: 67/73 MP: 9/20
  7455 | D:7      | Learned a level 4 spell: Sticky Flame
  7505 | D:7      | Reached skill level 7 in Spellcasting
  7726 | D:8      | Found a staircase to the Lair.
  7726 | D:8      | Noticed an elephant
  7726 | D:8      | Noticed a death yak
  7738 | D:8      | Reached skill level 4 in Conjurations
  7738 | D:8      | Reached skill level 4 in Hexes
  7738 | D:8      | Reached skill level 4 in Charms
  7738 | D:8      | Reached skill level 4 in Summonings
  7738 | D:8      | Reached skill level 4 in Translocations
  7738 | D:8      | Reached skill level 4 in Transmutations
  7738 | D:8      | Reached skill level 4 in Fire Magic
  7738 | D:8      | Reached skill level 4 in Ice Magic
  7738 | D:8      | Reached skill level 4 in Air Magic
  7738 | D:8      | Reached skill level 4 in Earth Magic
  7738 | D:8      | Reached skill level 4 in Poison Magic
  7739 | D:8      | Killed a death yak
  7739 | D:8      | Reached skill level 5 in Fighting
  7739 | D:8      | Reached skill level 5 in Short Blades
  7739 | D:8      | Reached skill level 5 in Long Blades
  7739 | D:8      | Reached skill level 5 in Axes
  7739 | D:8      | Reached skill level 5 in Maces & Flails
  7739 | D:8      | Reached skill level 5 in Polearms
  7739 | D:8      | Reached skill level 5 in Staves
  7739 | D:8      | Reached skill level 5 in Slings
  7739 | D:8      | Reached skill level 5 in Bows
  7739 | D:8      | Reached skill level 5 in Crossbows
  7739 | D:8      | Reached skill level 5 in Throwing
  7739 | D:8      | Reached skill level 5 in Armour
  7739 | D:8      | Reached skill level 5 in Shields
  7739 | D:8      | Reached skill level 5 in Unarmed Combat
  7739 | D:8      | Reached skill level 5 in Evocations
  7745 | D:8      | Killed an elephant
  7745 | D:8      | Reached skill level 7 in Dodging
  7794 | D:8      | Reached ***** piety under Cheibriados
  7928 | D:8      | Found a hazy altar of Hepliaklqana.
  7971 | D:8      | Found a burning altar of Makhleb.
  8126 | D:8      | Noticed a two-headed ogre
  8130 | D:8      | Killed a two-headed ogre
  8130 | D:8      | Reached skill level 6 in Invocations
  8282 | D:8      | Reached skill level 7 in Stealth
  8775 | D:9      | Found a staircase to the Orcish Mines.
  8786 | D:9      | Found Ybylidgh's Antique Weapon Shoppe.
  8921 | D:9      | Found a sparkling altar of Nemelex Xobeh.
  9440 | D:10     | Entered Level 10 of the Dungeon
  9448 | D:10     | Reached XP level 11. HP: 80/81 MP: 22/22
  9736 | D:10     | Found a blossoming altar of Fedhas.
  9737 | D:10     | Found Xigoene's Antique Weapon Boutique.
  9737 | D:10     | Noticed a deep elf mage
  9745 | D:10     | Killed a deep elf mage
  9745 | D:10     | Reached skill level 6 in Fighting
  9745 | D:10     | Reached skill level 6 in Short Blades
  9745 | D:10     | Reached skill level 6 in Long Blades
  9745 | D:10     | Reached skill level 6 in Axes
  9745 | D:10     | Reached skill level 6 in Maces & Flails
  9745 | D:10     | Reached skill level 6 in Polearms
  9745 | D:10     | Reached skill level 6 in Staves
  9745 | D:10     | Reached skill level 6 in Slings
  9745 | D:10     | Reached skill level 6 in Bows
  9745 | D:10     | Reached skill level 6 in Crossbows
  9745 | D:10     | Reached skill level 6 in Throwing
  9745 | D:10     | Reached skill level 6 in Armour
  9745 | D:10     | Reached skill level 6 in Shields
  9745 | D:10     | Reached skill level 6 in Unarmed Combat
  9745 | D:10     | Reached skill level 5 in Conjurations
  9745 | D:10     | Reached skill level 5 in Hexes
  9745 | D:10     | Reached skill level 5 in Charms
  9745 | D:10     | Reached skill level 5 in Summonings
  9745 | D:10     | Reached skill level 5 in Translocations
  9745 | D:10     | Reached skill level 5 in Transmutations
  9745 | D:10     | Reached skill level 5 in Fire Magic
  9745 | D:10     | Reached skill level 5 in Ice Magic
  9745 | D:10     | Reached skill level 5 in Air Magic
  9745 | D:10     | Reached skill level 5 in Earth Magic
  9745 | D:10     | Reached skill level 5 in Poison Magic
  9745 | D:10     | Reached skill level 6 in Evocations
  9894 | D:10     | Reached skill level 8 in Spellcasting
  9903 | D:10     | Noticed Psyche
  9905 | D:10     | Killed Psyche
 10177 | D:11     | Reached ****** piety under Cheibriados
 10264 | D:11     | Noticed a two-headed ogre
 10267 | D:11     | Found Liashre's Food Shoppe.
 10274 | D:11     | Killed a two-headed ogre
 10320 | D:11     | Reached skill level 9 in Necromancy
 10320 | D:11     | Reached skill level 7 in Invocations
 10349 | D:11     | Reached skill level 8 in Dodging
 10583 | D:11     | Noticed a cyclops
 10587 | D:11     | Killed a cyclops
 11171 | D:12     | Reached skill level 8 in Stealth
 11183 | D:12     | Reached XP level 12. HP: 28/89 MP: 21/24
 11385 | D:12     | Noticed a catoblepas
 11524 | D:12     | Found a shattered altar of Ashenzari.
 11596 | D:12     | Noticed a centaur warrior
 11600 | D:12     | Killed a centaur warrior
 11600 | D:12     | Reached skill level 7 in Fighting
 11600 | D:12     | Reached skill level 7 in Short Blades
 11600 | D:12     | Reached skill level 7 in Long Blades
 11600 | D:12     | Reached skill level 7 in Axes
 11600 | D:12     | Reached skill level 7 in Maces & Flails
 11600 | D:12     | Reached skill level 7 in Polearms
 11600 | D:12     | Reached skill level 7 in Staves
 11600 | D:12     | Reached skill level 7 in Slings
 11600 | D:12     | Reached skill level 7 in Bows
 11600 | D:12     | Reached skill level 7 in Crossbows
 11600 | D:12     | Reached skill level 7 in Throwing
 11600 | D:12     | Reached skill level 7 in Armour
 11600 | D:12     | Reached skill level 7 in Shields
 11600 | D:12     | Reached skill level 7 in Unarmed Combat
 11600 | D:12     | Reached skill level 7 in Evocations
 11634 | D:12     | Killed a catoblepas
 12153 | D:13     | Learned a level 6 spell: Deflect Missiles
 12242 | D:13     | Reached skill level 6 in Conjurations
 12242 | D:13     | Reached skill level 6 in Hexes
 12242 | D:13     | Reached skill level 6 in Charms
 12242 | D:13     | Reached skill level 6 in Summonings
 12242 | D:13     | Reached skill level 6 in Translocations
 12242 | D:13     | Reached skill level 6 in Transmutations
 12242 | D:13     | Reached skill level 6 in Fire Magic
 12242 | D:13     | Reached skill level 6 in Ice Magic
 12242 | D:13     | Reached skill level 6 in Air Magic
 12242 | D:13     | Reached skill level 6 in Earth Magic
 12242 | D:13     | Reached skill level 6 in Poison Magic
 12249 | D:13     | Noticed a centaur warrior
 12282 | D:13     | Reached skill level 8 in Invocations
 12291 | D:13     | Killed a centaur warrior
 12291 | D:13     | Reached skill level 9 in Spellcasting
 13002 | D:14     | Noticed a sun demon
 13210 | D:14     | Noticed a centaur warrior
 13226 | D:14     | Killed a centaur warrior
 13226 | D:14     | Reached skill level 9 in Dodging
 13309 | D:14     | Reached XP level 13. HP: 91/98 MP: 13/26
 13663 | D:14     | Reached skill level 9 in Stealth
 13729 | D:14     | Noticed a vault guard
 13732 | D:14     | Reached skill level 8 in Fighting
 13732 | D:14     | Reached skill level 8 in Short Blades
 13732 | D:14     | Reached skill level 8 in Long Blades
 13732 | D:14     | Reached skill level 8 in Axes
 13732 | D:14     | Reached skill level 8 in Maces & Flails
 13732 | D:14     | Reached skill level 8 in Polearms
 13732 | D:14     | Reached skill level 8 in Staves
 13732 | D:14     | Reached skill level 8 in Slings
 13732 | D:14     | Reached skill level 8 in Bows
 13732 | D:14     | Reached skill level 8 in Crossbows
 13732 | D:14     | Reached skill level 8 in Throwing
 13732 | D:14     | Reached skill level 8 in Armour
 13732 | D:14     | Reached skill level 8 in Shields
 13732 | D:14     | Reached skill level 8 in Unarmed Combat
 13732 | D:14     | Reached skill level 8 in Evocations
 13735 | D:14     | Killed a vault guard
 13754 | D:14     | Found a gate to the Vaults.
 13946 | D:15     | Entered Level 15 of the Dungeon
 14163 | Lair:1   | Entered Level 1 of the Lair of Beasts
 14265 | Lair:1   | Noticed Nergalle
 14272 | Lair:1   | Killed Nergalle
 14532 | Lair:1   | Noticed Grum
 14539 | Lair:1   | Killed Grum
 14539 | Lair:1   | Reached skill level 9 in Invocations
 14569 | Lair:1   | Noticed Sonja
 14572 | Lair:1   | Killed Sonja
 14879 | Lair:1   | Reached skill level 10 in Necromancy
 15260 | Lair:2   | Reached skill level 7 in Conjurations
 15260 | Lair:2   | Reached skill level 7 in Hexes
 15260 | Lair:2   | Reached skill level 7 in Charms
 15260 | Lair:2   | Reached skill level 7 in Summonings
 15260 | Lair:2   | Reached skill level 7 in Translocations
 15260 | Lair:2   | Reached skill level 7 in Transmutations
 15260 | Lair:2   | Reached skill level 7 in Fire Magic
 15260 | Lair:2   | Reached skill level 7 in Ice Magic
 15260 | Lair:2   | Reached skill level 7 in Air Magic
 15260 | Lair:2   | Reached skill level 7 in Earth Magic
 15260 | Lair:2   | Reached skill level 7 in Poison Magic
 15926 | Lair:3   | Reached skill level 10 in Spellcasting
 15952 | Lair:3   | Reached XP level 14. HP: 103/106 MP: 23/28
 16126 | Lair:3   | Got a bloodstained mace
 16429 | Lair:3   | Reached skill level 10 in Dodging
 16757 | Lair:4   | Found a hole to the Spider Nest.
 16848 | Lair:4   | Found a staircase to the Swamp.
 17143 | Lair:4   | Reached skill level 9 in Fighting
 17143 | Lair:4   | Reached skill level 9 in Short Blades
 17143 | Lair:4   | Reached skill level 9 in Long Blades
 17143 | Lair:4   | Reached skill level 9 in Axes
 17143 | Lair:4   | Reached skill level 9 in Maces & Flails
 17143 | Lair:4   | Reached skill level 9 in Polearms
 17143 | Lair:4   | Reached skill level 9 in Staves
 17143 | Lair:4   | Reached skill level 9 in Slings
 17143 | Lair:4   | Reached skill level 9 in Bows
 17143 | Lair:4   | Reached skill level 9 in Crossbows
 17143 | Lair:4   | Reached skill level 9 in Throwing
 17143 | Lair:4   | Reached skill level 9 in Armour
 17143 | Lair:4   | Reached skill level 9 in Shields
 17143 | Lair:4   | Reached skill level 9 in Unarmed Combat
 17143 | Lair:4   | Reached skill level 9 in Evocations
 17860 | Lair:5   | Reached skill level 10 in Stealth
 18253 | Lair:5   | Found a viscous altar of Jiyva.
 18253 | Lair:5   | Found a staircase to the Slime Pits.
 18507 | Lair:6   | Entered Level 6 of the Lair of Beasts
 18628 | Lair:6   | Reached skill level 10 in Invocations
 18696 | Lair:6   | Got an ichor-stained scale mail
 19419 | Lair:6   | Identified the +6 scale mail "Casukkolo" {rPois rF+ Int+3} (You found it on level 6 of the Lair of Beasts)
 19420 | Lair:6   | Identified the +3 mace of Zuothur {crush, *Rage rC+ Dex+7 Stlth+} (You found it on level 3 of the Lair of Beasts)
 19755 | Lair:6   | Reached skill level 8 in Conjurations
 19755 | Lair:6   | Reached skill level 8 in Hexes
 19755 | Lair:6   | Reached skill level 8 in Charms
 19755 | Lair:6   | Reached skill level 8 in Summonings
 19755 | Lair:6   | Reached skill level 8 in Translocations
 19755 | Lair:6   | Reached skill level 8 in Transmutations
 19755 | Lair:6   | Reached skill level 8 in Fire Magic
 19755 | Lair:6   | Reached skill level 8 in Ice Magic
 19755 | Lair:6   | Reached skill level 8 in Air Magic
 19755 | Lair:6   | Reached skill level 8 in Earth Magic
 19755 | Lair:6   | Reached skill level 8 in Poison Magic
 19774 | Lair:6   | Reached XP level 15. HP: 111/114 MP: 29/29
 20211 | D:8      | Learned a level 6 spell: Freezing Cloud
 20243 | Orc:1    | Entered Level 1 of the Orcish Mines
 20243 | Orc:1    | Noticed letownia2's ghost (journeyman GrWz)
 20335 | Orc:1    | Killed letownia2's ghost
 20529 | Orc:2    | Entered Level 2 of the Orcish Mines
 20529 | Orc:2    | Noticed Erolcha
 20533 | Orc:2    | Killed Erolcha
 20617 | Orc:2    | Noticed an orc warlord
 20623 | Orc:2    | Killed an orc warlord
 20651 | Orc:2    | Noticed Britaniac's ghost (journeyman HOFi)
 20682 | Orc:2    | Reached skill level 11 in Spellcasting
 20805 | Orc:2    | HP: 25/115 [Britaniac's ghost (23)]
 20925 | Orc:2    | Killed Britaniac's ghost
 20978 | Orc:2    | Found a roughly hewn altar of Beogh.
 20984 | Orc:2    | Found Evvutimus's Antique Armour Shoppe.
 21018 | Orc:2    | Found Qaibut's General Store.
 21025 | Orc:2    | Found a staircase to the Elven Halls.
 21062 | Orc:2    | Found Cusaurph's Jewellery Shoppe.
 21109 | Orc:2    | Found Raufajy's Antique Weapon Shoppe.
 21342 | Orc:2    | Noticed Saint Roka
 21362 | Orc:2    | Killed Saint Roka
 21362 | Orc:2    | Reached skill level 10 in Fighting
 21362 | Orc:2    | Reached skill level 10 in Short Blades
 21362 | Orc:2    | Reached skill level 10 in Long Blades
 21362 | Orc:2    | Reached skill level 10 in Axes
 21362 | Orc:2    | Reached skill level 10 in Maces & Flails
 21362 | Orc:2    | Reached skill level 10 in Polearms
 21362 | Orc:2    | Reached skill level 10 in Staves
 21362 | Orc:2    | Reached skill level 10 in Slings
 21362 | Orc:2    | Reached skill level 10 in Bows
 21362 | Orc:2    | Reached skill level 10 in Crossbows
 21362 | Orc:2    | Reached skill level 10 in Throwing
 21362 | Orc:2    | Reached skill level 10 in Armour
 21362 | Orc:2    | Reached skill level 10 in Shields
 21362 | Orc:2    | Reached skill level 10 in Unarmed Combat
 21362 | Orc:2    | Reached skill level 10 in Evocations
 21657 | Orc:1    | Found Sizevyi's Distillery.
 21661 | Orc:1    | Reached skill level 11 in Dodging
 21711 | Orc:1    | Bought a potion of brilliance for 68 gold pieces
 21711 | Orc:1    | Bought a potion of brilliance for 68 gold pieces
 21711 | Orc:1    | Bought 2 potions of curing for 102 gold pieces
 21711 | Orc:1    | Bought a potion of heal wounds for 85 gold pieces
 21711 | Orc:1    | Bought a potion of curing for 51 gold pieces
 21711 | Orc:1    | Bought 2 potions of heal wounds for 170 gold pieces
 21711 | Orc:1    | Bought 2 potions of magic for 272 gold pieces
 21711 | Orc:1    | Bought a potion of cancellation for 136 gold pieces
 21711 | Orc:1    | Bought a potion of might for 68 gold pieces
 21711 | Orc:1    | Bought a potion of heal wounds for 85 gold pieces
 21711 | Orc:1    | Bought a potion of might for 68 gold pieces
 21711 | Orc:1    | Bought a potion of flight for 51 gold pieces
 21711 | Orc:1    | Bought a potion of resistance for 170 gold pieces
 22534 | D:15     | Reached skill level 11 in Necromancy
 22553 | D:15     | Found the +6 shillelagh "Devastator" {shatter}
 22625 | D:15     | Reached skill level 11 in Invocations
 22745 | D:15     | Reached skill level 11 in Stealth
 22958 | D:15     | Found a staircase to the Depths.
 23103 | D:15     | Reached XP level 16. HP: 101/122 MP: 31/31
 23746 | Orc:2    | Bought the macabre finger necklace {rN+} for 600 gold pieces
 23746 | Orc:2    | Found the macabre finger necklace {rN+}
 23929 | Swamp:1  | Entered Level 1 of the Swamp
 24019 | Swamp:1  | Noticed Aizul
 24408 | Swamp:1  | Got a warped scale mail
 24516 | Swamp:1  | Killed Aizul
 24828 | Swamp:2  | Noticed a thorn hunter
 24834 | Swamp:2  | Killed a thorn hunter
 24834 | Swamp:2  | Reached skill level 9 in Conjurations
 24834 | Swamp:2  | Reached skill level 9 in Hexes
 24834 | Swamp:2  | Reached skill level 9 in Charms
 24834 | Swamp:2  | Reached skill level 9 in Summonings
 24834 | Swamp:2  | Reached skill level 9 in Translocations
 24834 | Swamp:2  | Reached skill level 9 in Transmutations
 24834 | Swamp:2  | Reached skill level 9 in Fire Magic
 24834 | Swamp:2  | Reached skill level 9 in Ice Magic
 24834 | Swamp:2  | Reached skill level 9 in Air Magic
 24834 | Swamp:2  | Reached skill level 9 in Earth Magic
 24834 | Swamp:2  | Reached skill level 9 in Poison Magic
 24994 | Swamp:2  | Noticed Louise
 25092 | Swamp:2  | Killed Louise
 25106 | Swamp:2  | Noticed Frances
 25118 | Swamp:2  | Killed Frances
 25882 | Swamp:2  | HP: 25/124 [slime creature (8)]
 25887 | Swamp:2  | HP: 24/124 [slime creature (7)]
 25897 | Swamp:2  | HP: 29/124 [slime creature (7)]
 26232 | Swamp:3  | Noticed a thorn hunter
 26244 | Swamp:3  | Killed a thorn hunter
 26318 | Swamp:3  | Noticed a thorn hunter
 26339 | Swamp:3  | Killed a thorn hunter
 26775 | Swamp:4  | Entered Level 4 of the Swamp
 26808 | Swamp:4  | Reached skill level 11 in Fighting
 26808 | Swamp:4  | Reached skill level 11 in Short Blades
 26808 | Swamp:4  | Reached skill level 11 in Long Blades
 26808 | Swamp:4  | Reached skill level 11 in Axes
 26808 | Swamp:4  | Reached skill level 11 in Maces & Flails
 26808 | Swamp:4  | Reached skill level 11 in Polearms
 26808 | Swamp:4  | Reached skill level 11 in Staves
 26808 | Swamp:4  | Reached skill level 11 in Slings
 26808 | Swamp:4  | Reached skill level 11 in Bows
 26808 | Swamp:4  | Reached skill level 11 in Crossbows
 26808 | Swamp:4  | Reached skill level 11 in Throwing
 26808 | Swamp:4  | Reached skill level 11 in Armour
 26808 | Swamp:4  | Reached skill level 11 in Shields
 26808 | Swamp:4  | Reached skill level 11 in Unarmed Combat
 26808 | Swamp:4  | Reached skill level 11 in Evocations
 26823 | Swamp:4  | HP: 31/125 [seven-headed hydra[a spriggan druid] (1)]
 26824 | Swamp:4  | Reached skill level 12 in Spellcasting
 27057 | Swamp:4  | Reached XP level 17. HP: 131/131 MP: 27/33
 27065 | Swamp:4  | Noticed Bai Suzhen
 27067 | Swamp:4  | Reached skill level 12 in Invocations
 27077 | Swamp:3  | HP: 30/131 [slime creature (3)]
 27086 | Swamp:3  | HP: 27/131 [slime creature (11)]
 27154 | Swamp:4  | Killed Bai Suzhen
 27166 | Swamp:4  | Reached skill level 12 in Dodging
 27688 | Swamp:4  | Reached skill level 12 in Stealth
 27737 | Swamp:4  | Noticed the 27-headed Lernaean hydra
 27742 | Swamp:4  | Killed the 27-headed Lernaean hydra
 27840 | Swamp:4  | Got a decaying rune of Zot
 28455 | D:8      | Identified the +4 scale mail of Ykabat {rC+ Dex+3} (You found it on level 1 of the Swamp)
 28598 | Spider:1 | Entered Level 1 of the Spider Nest
 28628 | Spider:1 | Noticed Agnes
 28636 | Spider:1 | Killed Agnes
 28742 | Lair:4   | HP: 31/131 [redback (8)]
 28747 | Lair:4   | HP: 30/131 [redback (2)]
 29124 | Orc:2    | Bought a cursed amulet of inaccuracy for 30 gold pieces
 29124 | Orc:2    | Bought an uncursed ring of see invisible for 225 gold pieces
 29124 | Orc:2    | Bought an uncursed amulet of guardian spirit for 450 gold pieces
 29619 | Spider:1 | Reached skill level 12 in Necromancy
 29924 | Spider:1 | Reached skill level 10 in Conjurations
 29924 | Spider:1 | Reached skill level 10 in Hexes
 29924 | Spider:1 | Reached skill level 10 in Charms
 29924 | Spider:1 | Reached skill level 10 in Summonings
 29924 | Spider:1 | Reached skill level 10 in Translocations
 29924 | Spider:1 | Reached skill level 10 in Transmutations
 29924 | Spider:1 | Reached skill level 10 in Fire Magic
 29924 | Spider:1 | Reached skill level 10 in Ice Magic
 29924 | Spider:1 | Reached skill level 10 in Air Magic
 29924 | Spider:1 | Reached skill level 10 in Earth Magic
 29924 | Spider:1 | Reached skill level 10 in Poison Magic
 30131 | Spider:2 | Reached XP level 18. HP: 121/139 MP: 29/34
 30929 | Spider:3 | Reached skill level 12 in Fighting
 30929 | Spider:3 | Reached skill level 12 in Short Blades
 30929 | Spider:3 | Reached skill level 12 in Long Blades
 30929 | Spider:3 | Reached skill level 12 in Axes
 30929 | Spider:3 | Reached skill level 12 in Maces & Flails
 30929 | Spider:3 | Reached skill level 12 in Polearms
 30929 | Spider:3 | Reached skill level 12 in Staves
 30929 | Spider:3 | Reached skill level 12 in Slings
 30929 | Spider:3 | Reached skill level 12 in Bows
 30929 | Spider:3 | Reached skill level 12 in Crossbows
 30929 | Spider:3 | Reached skill level 12 in Throwing
 30929 | Spider:3 | Reached skill level 12 in Armour
 30929 | Spider:3 | Reached skill level 12 in Shields
 30929 | Spider:3 | Reached skill level 12 in Unarmed Combat
 30929 | Spider:3 | Reached skill level 12 in Evocations
 30972 | Spider:3 | Got a bound marble ring
 31134 | Spider:3 | Reached skill level 13 in Invocations
 31139 | Spider:3 | HP: 33/140 [spark wasp (14)]
 31141 | Spider:3 | HP: 16/140 [redback (13)]
 31835 | Spider:3 | Reached skill level 13 in Spellcasting
 32062 | Spider:3 | Identified the ring "Ekkog" {rPois rC- rN+ Int+5 Stlth+} (You found it on level 3 of the Spider Nest)
 32064 | Spider:4 | Entered Level 4 of the Spider Nest
 32110 | Spider:4 | Noticed Frank's ghost (adept OpFi)
 32157 | Spider:4 | Killed Frank's ghost
 32603 | Spider:4 | Reached skill level 13 in Dodging
 32697 | Spider:4 | Reached XP level 19. HP: 57/147 MP: 3/36
 32705 | Spider:4 | HP: 25/147 [disintegration (32)]
 32825 | Spider:4 | Reached skill level 13 in Stealth
 32890 | Spider:4 | Got a gossamer rune of Zot
 33396 | D:8      | Learned a level 6 spell: Shadow Creatures
 33486 | Elf:1    | Entered Level 1 of the Elven Halls
 33584 | Elf:1    | Noticed a Tzitzimitl
 34074 | Elf:1    | Identified the Papyrus of Conjuration
 34125 | Elf:1    | Got a spiked hat
 34167 | Elf:1    | Identified the +1 hat of Brilliance {SInv} (You found it on level 1 of the Elven Halls)
 34948 | Elf:2    | Reached skill level 11 in Conjurations
 34948 | Elf:2    | Reached skill level 11 in Hexes
 34948 | Elf:2    | Reached skill level 11 in Charms
 34948 | Elf:2    | Reached skill level 11 in Summonings
 34948 | Elf:2    | Reached skill level 11 in Translocations
 34948 | Elf:2    | Reached skill level 11 in Transmutations
 34948 | Elf:2    | Reached skill level 11 in Fire Magic
 34948 | Elf:2    | Reached skill level 11 in Ice Magic
 34948 | Elf:2    | Reached skill level 11 in Air Magic
 34948 | Elf:2    | Reached skill level 11 in Earth Magic
 34948 | Elf:2    | Reached skill level 11 in Poison Magic
 35063 | Elf:2    | Found a runed gate.
 35064 | Elf:2    | Found a runed gate.
 35067 | Elf:2    | Found a runed gate.
 35355 | Elf:2    | Reached XP level 20. HP: 155/155 MP: 32/37
 35377 | Elf:2    | Reached skill level 13 in Fighting
 35377 | Elf:2    | Reached skill level 13 in Short Blades
 35377 | Elf:2    | Reached skill level 13 in Long Blades
 35377 | Elf:2    | Reached skill level 13 in Axes
 35377 | Elf:2    | Reached skill level 13 in Maces & Flails
 35377 | Elf:2    | Reached skill level 13 in Polearms
 35377 | Elf:2    | Reached skill level 13 in Staves
 35377 | Elf:2    | Reached skill level 13 in Slings
 35377 | Elf:2    | Reached skill level 13 in Bows
 35377 | Elf:2    | Reached skill level 13 in Crossbows
 35377 | Elf:2    | Reached skill level 13 in Throwing
 35377 | Elf:2    | Reached skill level 13 in Armour
 35377 | Elf:2    | Reached skill level 13 in Shields
 35377 | Elf:2    | Reached skill level 13 in Unarmed Combat
 35377 | Elf:2    | Reached skill level 14 in Invocations
 35377 | Elf:2    | Reached skill level 13 in Evocations
 35678 | Elf:3    | Entered Level 3 of the Elven Halls
 35879 | Elf:3    | Reached skill level 13 in Necromancy
 35882 | Elf:3    | Noticed a Tzitzimitl
 35884 | Elf:3    | HP: 13/156 [deep elf annihilator/iron shot (29)]
 35900 | Elf:3    | HP: 35/156 [???[a deep elf demonologist] (32)]
 35902 | Elf:3    | Killed from afar by a deep elf sorcerer

Skill      XL: |  1  2  3  4  5  6  7  8  9 10 11 12 13 14 15 16 17 18 19 20 |
---------------+-------------------------------------------------------------+-----
Spellcasting   | 5 6 7 8 9 10 11 12 13 | 13.8
Invocations    | 1 2 3 4 5 6 7 8 9 10 11 12 13 14 | 14.1
Fighting       | 1 2 3 4 5 6 7 8 9 10 11 12 13 | 13.1
Short Blades   | 1 2 3 4 5 6 7 8 9 10 11 12 13 | 13.1
Long Blades    | 1 2 3 4 5 6 7 8 9 10 11 12 13 | 13.1
Axes           | 1 2 3 4 5 6 7 8 9 10 11 12 13 | 13.1
Maces & Flails | 1 2 3 4 5 6 7 8 9 10 11 12 13 | 13.1
Polearms       | 1 2 3 4 5 6 7 8 9 10 11 12 13 | 13.1
Staves         | 1 2 3 4 5 6 7 8 9 10 11 12 13 | 13.1
Slings         | 1 2 3 4 5 6 7 8 9 10 11 12 13 | 13.1
Bows           | 1 2 3 4 5 6 7 8 9 10 11 12 13 | 13.1
Crossbows      | 1 2 3 4 5 6 7 8 9 10 11 12 13 | 13.1
Throwing       | 1 2 3 4 5 6 7 8 9 10 11 12 13 | 13.1
Armour         | 1 2 3 4 5 6 7 8 9 10 11 12 13 | 13.1
Shields        | 1 2 3 4 5 6 7 8 9 10 11 12 13 | 13.1
Unarmed Combat | 1 2 3 4 5 6 7 8 9 10 11 12 13 | 13.1
Evocations     | 1 2 3 4 5 6 7 8 9 10 11 12 13 | 13.1
Conjurations   | 1 2 3 4 5 6 7 8 9 10 11 | 11.2
Hexes          | 1 2 3 4 5 6 7 8 9 10 11 | 11.2
Charms         | 1 2 3 4 5 6 7 8 9 10 11 | 11.2
Summonings     | 1 2 3 4 5 6 7 8 9 10 11 | 11.2
Translocations | 1 2 3 4 5 6 7 8 9 10 11 | 11.2
Transmutations | 1 2 3 4 5 6 7 8 9 10 11 | 11.2
Fire Magic     | 1 2 3 4 5 6 7 8 9 10 11 | 11.2
Ice Magic      | 1 2 3 4 5 6 7 8 9 10 11 | 11.2
Air Magic      | 1 2 3 4 5 6 7 8 9 10 11 | 11.2
Earth Magic    | 1 2 3 4 5 6 7 8 9 10 11 | 11.2
Poison Magic   | 1 2 3 4 5 6 7 8 9 10 11 | 11.2
Dodging        | 5 6 7 8 9 10 11 12 13 | 13.7
Stealth        | 5 6 7 8 9 10 11 12 13 | 13.6
Necromancy     | 8 9 10 11 12 13 | 13.0

Action                   |  1- 3 |  4- 6 |  7- 9 | 10-12 | 13-15 | 16-18 | 19-21 || total
-------------------------+-------+-------+-------+-------+-------+-------+-------++-------
Melee: Unarmed           |    10 |       |       |       |   774 |       |       ||   784
       Dagger            |    29 |       |       |       |       |       |       ||    29
       Bite              |     2 |     8 |    50 |    88 |   233 |   304 |    70 ||   755
       Short sword       |    13 |    40 |       |       |       |       |       ||    53
       Spear             |       |    54 |    16 |       |       |       |       ||    70
       Punch             |       |     1 |       |       |       |       |       ||     1
       Quarterstaff      |       |       |   168 |       |       |       |       ||   168
       Mace              |       |       |    66 |   124 |       |       |       ||   190
       Flail             |       |       |       |   261 |    88 |  1197 |   277 ||  1823
       Staff             |       |       |       |       |       |       |     4 ||     4
       Eveningstar       |       |       |       |       |       |       |    50 ||    50
Throw: Stone             |       |     1 |     3 |     1 |       |       |       ||     5
 Cast: Pain              |    25 |    35 |     3 |       |       |       |       ||    63
       Animate Skeleton  |    10 |     8 |     9 |     4 |       |       |       ||    31
       Regeneration      |       |     8 |     9 |     5 |    23 |    49 |     7 ||   101
       Vampiric Draining |       |     5 |     6 |       |       |       |       ||    11
       Borgnjor's Vile C |       |       |    18 |    55 |   158 |   174 |    83 ||   488
       Sticky Flame      |       |       |       |     5 |     1 |       |       ||     6
       Fireball          |       |       |       |     9 |    31 |    36 |     2 ||    78
       Deflect Missiles  |       |       |       |     1 |     2 |     4 |     1 ||     8
       Freezing Cloud    |       |       |       |       |       |     1 |       ||     1
Invok: Step From Time    |       |       |       |       |       |       |     1 ||     1
       Slouch            |       |       |       |       |       |       |     1 ||     1
Evoke: Wand              |       |       |       |       |       |     1 |       ||     1
  Use: Potion            |       |     4 |     1 |     1 |       |     4 |     5 ||    15
       Scroll            |       |       |    12 |    13 |     7 |    12 |     4 ||    48
 Stab: Sleeping          |     8 |     1 |     6 |    22 |    12 |     4 |     3 ||    56
       Distracted        |       |       |       |     3 |     2 |     2 |     1 ||     8
       Confused          |       |       |       |       |       |     1 |       ||     1
  Eat: Chunk             |     4 |     5 |     6 |    10 |    11 |     5 |     1 ||    42
       Ration            |       |       |     2 |     3 |     3 |     5 |     2 ||    15
Armor: Leather armour    |    12 |    27 |    70 |    19 |       |       |       ||   128
       Steam dragon scal |       |       |       |    40 |    47 |       |       ||    87
       Fire dragon scale |       |       |       |       |   159 |    10 |    70 ||   239
       Swamp dragon scal |       |       |       |       |       |   164 |       ||   164
       Scale mail        |       |       |       |       |       |   347 |    46 ||   393
Dodge: Dodged            |    38 |   105 |   282 |   284 |   727 |  1585 |   268 ||  3289
       Deflected         |       |       |       |     1 |    18 |    34 |    30 ||    83
Block: Buckler           |       |       |    45 |   241 |   500 |       |       ||   786
       Shield            |       |       |       |       |   120 |  1541 |   341 ||  2002

Vault maps used:
D:1:      elethiomel_arrival_infinity_welcomes_careful_drivers
D:2:      grunt_temple_overflow_magic_moments, overflow_temple_1_default,
          old_standard_altar, first_ration
D:3:      lemuel_round_altar, lemuel_coloured_pillars_altar, xom_butterflies
D:5:      elyvilon_altar_5, hangedman_decor_peaks_small, minmay_ruined_shrine,
          uniq_duvessa, uniq_grinder, uniq_crazy_yiuf_cottage
D:6:      minmay_temple_entry_glass, serial_glass, glass_columns_a,
          glass_columns_c
D:7:      the_bakery, nicolae_dithmenos_shadow_blocks
D:8:      lemuel_crystal_altar, marbit_many_paths, david_lair_generic
D:9:      nicolae_overflow_hidden_temple, orc_0_dummy, serial_shops, shop,
          evilmike_butchery
D:10:     serial_shops, shop, fedhas_altar_1, uniq_psyche
D:11:     serial_shops, nicolae_shop_temple_entry_statues_fountains, st_stairs_6
D:12:     ashenzari_altar_1
D:14:     david_vaults_5, serial_glass, glass_columns_a, glass_columns_a,
          kennysheep_generic_room_7
D:15:     hangedman_depths_entry_try_elsewhere_first, serial_park_tiny_1,
          minivault_5, hangedman_abyss_or_decor_clamps
Temple:   jpeg_temple_alley_garden
Lair:1:   uniq_grum, uniq_nergalle, uniq_sonja
Lair:2:   hangedman_lair_generics_rect
Lair:3:   cheibrodos_lair_reptile_den, infiniplex_staircase_pool
Lair:4:   minmay_swamp_entry_swarm, spider_nest_entry_webs
Lair:5:   dpeg_slime_entry_enclosed_altar, nicolae_quartered_pool_super,
          lemuel_fruit_fields
Lair:6:   guppyfry_lair_end_dragon, hangedman_lair_caniforms_friends
Swamp:1:  hangedman_swamp_diagram, swamp_pool1, uniq_aizul
Swamp:2:  evilmike_swamp_ruin_rubble_2, swamp_pool4, wheals_swamp_sinkhole,
          uniq_frances, uniq_louise
Swamp:3:  nicolae_swamp_dense_foliage, swamp_pool3
Swamp:4:  grunt_swamp_rune_castle, uniq_bai_suzhen
Spider:1: uniq_agnes
Spider:2: spiders_nest_hornet_nest
Spider:4: grunt_spider_rune_parallel
Orc:1:    serial_shops, shop
Orc:2:    grunt_orc_cross, uniq_saint_roka, uniq_erolcha
Elf:1:    minmay_elf_sorcery
Elf:2:    minivault_8
Elf:3:    minmay_elf_hall_dome, serial_shops, nicolae_shop_overgrown_old_shop,
          st_stairs_5

Table legend:
 A = Turns spent in this place as a percentage of turns spent in the entire game.
 B = Non-inter-level travel turns spent in this place as a percentage of non-inter-level travel turns spent in the entire game.
 C = Inter-level travel turns spent in this place as a percentage of turns spent in this place.
 D = Turns resting spent in this place as a percentage of non-inter-level travel turns spent in this place.
 E = Turns spent auto-exploring this place as a percentage of non-inter-level travel turns spent in this place.
 F = Non-inter-level travel turns spent in this place divided by the number of levels of this place that you've seen.
                   A       B       C       D       E      F
               +-------+-------+-------+-------+-------+----------------------
         Total | 100.0 | 100.0 |   5.6 |  10.3 |  37.9 | 968.6
       Dungeon |  44.0 |  44.4 |   4.6 |  14.3 |  32.0 | 1004.1
        Temple |   1.0 |   1.0 |   0.0 |  89.3 |   0.0 | 347.0
          Lair |  19.2 |  17.9 |  12.1 |   4.5 |  56.2 | 1010.2
         Swamp |  12.1 |  12.5 |   1.8 |   6.3 |  35.8 | 1063.0
   Spider Nest |  11.1 |  11.4 |   2.5 |  11.7 |  28.5 | 969.2
  Orcish Mines |   6.0 |   5.6 |  12.2 |   0.0 |  46.1 | 944.0
   Elven Halls |   6.7 |   7.1 |   0.0 |   1.3 |  46.6 | 805.3
               +-------+-------+-------+-------+-------+----------------------

Table legend:
 A = Kills in this place as a percentage of kills in entire the game.
 B = Kills by you in this place as a percentage of kills by you in the entire game.
 C = Kills by friends in this place as a percentage of kills by friends in the entire game.
 D = Other kills in this place as a percentage of other kills in the entire game.
 E = Experience gained in this place as a percentage of experience gained in the entire game.
 F = Experience gained in this place divided by the number of levels of this place that you have seen.
                   A       B       C       D       E      F
               +-------+-------+-------+-------+-------+----------------------
         Total | 100.0 | 100.0 | 100.0 | 100.0 | 100.0 | 12032.3
       Dungeon |  31.3 |  30.6 | 100.0 |   0.0 |  13.6 | 3825.2
        Temple |   0.1 |   0.1 |   0.0 |   0.0 |   0.0 | 129.0
          Lair |  16.6 |  16.8 |   0.0 |   0.0 |  13.0 | 9123.2
         Swamp |  11.4 |  11.2 |   0.0 | 100.0 |  19.8 | 20820.8
   Spider Nest |  22.1 |  22.5 |   0.0 |   0.0 |  27.0 | 28458.2
  Orcish Mines |   8.1 |   8.3 |   0.0 |   0.0 |   5.0 | 10504.0
   Elven Halls |  10.4 |  10.6 |   0.0 |   0.0 |  21.6 | 30253.3
               +-------+-------+-------+-------+-------+----------------------
